 Dungeon Crawl Stone Soup version 0.24.1-8-ga250c9d538 (webtiles) character file.

Game seed: 17941549801825227174, levelgen mode: deterministic

148 Hugehornet the Changer (level 5, -4/33 HPs)
             Began as an Octopode Transmuter on May 1, 2020.
             Slain by a gnoll
             ... wielding a +1 flail of holy wrath
              (12 damage)
             ... on level 3 of the Dungeon.
             The game lasted 00:04:09 (2669 turns).

Hugehornet the Changer (Octopode Transmuter)        Turns: 2669, Time: 00:04:10

Health: -4/33      AC:  2    Str: 10    XL:     5   Next: 30%
Magic:  0/8        EV: 19    Int: 16    God:
Gold:   44         SH:  0    Dex: 17    Spells: 2/8 levels left

rFire    . . .     SeeInvis .     - Unarmed
rCold    . . .     Gourm    .   (shield currently unavailable)
rNeg     . . .     Faith    .   (helmet currently unavailable)
rPois    x         Spirit   .   (no amulet)
rElec    .         Reflect  .   (no ring)
rCorr    .         Harm     .   (no ring)
MR       .....                  (no ring)
Stlth    ++........             (no ring)
HPRegen  0.11/turn              (no ring)
MPRegen  0.11/turn              (no ring)
                                (no ring)
                                (no ring)

@: spider-form
A: tiny, almost no armour, stealthy swim, (amphibious), 8 rings, (constrict 8)
a: End Transformation


You were on level 3 of the Dungeon.
You were hungry.
You were a venomous arachnid creature.
You visited 1 branch of the dungeon, and saw 3 of its levels.

You collected 44 gold pieces.

Inventory:

Missiles
 a - 12 arrows
Scrolls
 e - 2 scrolls of teleportation {unknown}
 i - 2 scrolls of random uselessness {unknown}
 j - a scroll of enchant armour {unknown}
 l - a scroll of remove curse {unknown}
Potions
 b - 2 potions of curing {unknown}
 d - 2 potions of haste {unknown}
 f - 2 potions of heal wounds {unknown}
 g - a potion of berserk rage {unknown}
 h - a potion of brilliance {unknown}
 k - a potion of invisibility {unknown}
Comestibles
 c - 2 rations


   Skills:
 - Level 1.0 Fighting
 - Level 2.0 Dodging
 - Level 3.0 Unarmed Combat
 - Level 2.0 Spellcasting
 + Level 5.3 Transmutations


You had 2 spell levels left.
You knew the following spells:

 Your Spells              Type           Power        Failure   Level  Hunger
a - Beastly Appendage     Tmut           ###...       9%          1    #......
b - Sticks to Snakes      Tmut           ###.....     12%         2    ###....
c - Spider Form           Tmut/Pois      ##........   41%         3    ###....

Your spell library contained the following spells:

 Spells                   Type           Power        Failure   Level  Hunger
 Blade Hands              Tmut           ###.......   75%         5    ######.
 Ice Form                 Ice/Tmut       ##......     77%         4    #####..


Dungeon Overview and Level Annotations

Branches:
Dungeon (3/15)

Altars:


Innate Abilities, Weirdness & Mutations

You cannot wear most types of armour.
You are very stealthy in the water. (Stealth+)
((You are amphibious.))
You can wear up to eight rings at the same time.
((You can use your tentacles to constrict eight enemies at once.))
((Your skin changes colour to match your surroundings (Stealth+).))
((Your rubbery body absorbs attacks. (AC +1, EV +1)))


Message History

You constrict the hobgoblin.
The hobgoblin no longer looks unusually strong.
The goblin no longer looks unusually strong.
The hobgoblin closely misses you.
Casting: Spider Form (safe; 21% risk of failure)
Confirm with . or Enter, or press ? or * to list all spells.
Okay, then.
Casting: Spider Form (safe; 21% risk of failure)
Confirm with . or Enter, or press ? or * to list all spells.
You turn into a venomous arachnid creature.
You lose your grip on the hobgoblin.
The gnoll misses you.
The gnoll hits you with a +1 flail of holy wrath.
* * * LOW HITPOINT WARNING * * *
The hobgoblin hits you.
* * * LOW HITPOINT WARNING * * *
You hit the gnoll.
The gnoll is lightly wounded.
The gnoll completely misses you.
The gnoll hits you with a +1 flail of holy wrath!
You die...

#.####
#..g........
.....##.#.........
# #......g....# ##
###.....###...
.####..†###.g##
.##...#.# #...##
....##..# #)#).#
.##).#.##
#.##)#### .......#
#.##ggsg# ##....##
#.#####)g......
#.#.... ...
...##..$. #. ..###
#.# ##### .. ..
#.# .. .. .. ...
###


You could see 2 gnolls, a hobgoblin and a goblin.

Vanquished Creatures
  An orc wizard (D:2)
  Robin (D:3)
  A gnoll (D:3)
  3 adders (D:2)
  3 worms (D:2)
  2 dart slugs
  3 orcs
  A ball python (D:3)
  6 bats
  5 giant cockroaches
  7 goblins
  8 hobgoblins
  3 jackals (D:1)
  3 kobolds
  2 quokkas (D:2)
  3 frilled lizards
  3 rats
55 creatures vanquished.

Notes
Turn   | Place    | Note
-------+----------+-------------------------------------------
     0 | D:1      | Hugehornet the Octopode Transmuter began the quest for the
                  | Orb.
     0 | D:1      | Reached XP level 1. HP: 13/13 MP: 3/3
     6 | D:1      | Noticed a wyvern
     6 | D:1      | Noticed a polar bear
     6 | D:1      | Noticed a hog
    74 | D:1      | Reached XP level 2. HP: 2/18 MP: 3/5
   395 | D:1      | Reached skill level 3 in Transmutations
   487 | D:1      | You fall into a shaft and drop 1 floor!
   514 | D:2      | Reached XP level 3. HP: 14/23 MP: 4/6
  1723 | D:2      | Learned a level 2 spell: Sticks to Snakes
  1727 | D:2      | Learned a level 3 spell: Spider Form
  1823 | D:2      | Reached skill level 4 in Transmutations
  1839 | D:2      | Reached XP level 4. HP: 22/28 MP: 7/7
  2581 | D:3      | Reached skill level 5 in Transmutations
  2590 | D:3      | Reached XP level 5. HP: 27/33 MP: 6/8
  2645 | D:3      | Noticed Robin
  2664 | D:3      | Killed Robin
  2669 | D:3      | Slain by a gnoll

Levels and vault maps discovered:
D:1:      onia_arrival_zoo_common, layout_basic
D:2:      layout_loops_corners, grunt_ministairs_6
D:3:      layout_rooms, minitemple, minmay_distorted, uniq_robin

Skill      XL: |  1  2  3  4 |
---------------+-------------+-----
Transmutations | 3 4 5 |  5.3
Fighting       | |  1.0
Dodging        | |  2.0
Unarmed Combat | |  3.0
Spellcasting   | |  2.0

Action                   |  1- 3 |  4- 6 || total
-------------------------+-------+-------++-------
Melee: Unarmed           |    64 |    76 ||   140
       Kick              |    17 |    15 ||    32
       Tentacles         |     9 |     5 ||    14
       Constrict         |    14 |    16 ||    30
       Punch             |     1 |     1 ||     2
 Cast: Beastly Appendage |    19 |    17 ||    36
       Spider Form       |       |     3 ||     3
 Stab: Sleeping          |     2 |     2 ||     4
  Eat: Chunk             |     3 |     3 ||     6
Armor: Skin              |     5 |     8 ||    13
Dodge: Dodged            |    29 |    53 ||    82
